 Dungeon Crawl Stone Soup version 0.31-a0-1467-g53b6572822 (webtiles) character file.

Game seed: 6137109183514370066

81 DrBoom the Ruffian (level 4, -2/28 HPs)
             Began as an Octopode Shapeshifter on Dec 28, 2023.
             Was an Initiate of Okawaru.
             Slain by an orc wizard
             ... wielding a +0 dagger
              (3 damage)
             ... on level 4 of the Dungeon.
             The game lasted 00:03:57 (2583 turns).

DrBoom the Ruffian (Octopode Shapeshifter)          Turns: 2583, Time: 00:03:57

Health: -2/28      AC:  1    Str: 15    XL:     4   Next: 40%
Magic:  4/4        EV: 13    Int: 12    God:    Okawaru [......]
Gold:   96         SH:  0    Dex: 11    Spells: 3/3 levels left

rFire   . .          .
                       - Unarmed
rCold   + . .        (no shield)
rNeg    . . .        (helmet currently unavailable)
rPois   .            (no amulet)
rElec   .            j - ring of protection from cold
rCorr   .            f - ring of willpower
SInv    .            (no ring)
Will    +....        (no ring)
Stlth   ++           (no ring)
HPRegen 0.24/turn    (no ring)
MPRegen 0.09/turn    (no ring)
                     (no ring)

%: no passive effects
@: beast-form
A: beast (slay +2), almost no armour, amphibious, 8 rings, camouflage 1,
gelatinous body 1, (nimble swimmer 1), tentacles
a: Begin Untransformation, Renounce Religion


You were on level 4 of the Dungeon.
You worshipped Okawaru.
Okawaru was noncommittal.
You were a hulking beast.
You visited 1 branch of the dungeon, and saw 4 of its levels.

You collected 96 gold pieces.

Inventory:

Hand Weapons
 k - a +0 sling
Jewellery
 f - a ring of willpower (right tentacle)
 j - a ring of protection from cold (left tentacle)
Talismans
 b - a beast talisman
 c - a flux talisman
 e - a maw talisman
Scrolls
 d - a scroll of teleportation
Potions
 a - 2 potions of lignification
 g - 2 potions of curing


   Skills:
 - Level 1.0 Fighting
 - Level 2.0 Dodging
 + Level 4.1 Unarmed Combat
 + Level 4.0 Shapeshifting


You had 3 spell levels left.
You didn't know any spells.
Your spell library contained the following spells:

 Spells                   Type           Power      Damage    Failure   Level
 Ensorcelled Hibernation  Hex/Ice        0%         N/A       45%         2
 Dazzling Flash           Conj/Hex       0%         N/A       69%         3
 Fugue of the Fallen      Necr           0%         N/A       69%         3
 Sigil of Binding         Hex            0%         N/A       69%         3
 Volatile Blastmotes      Fire/Tloc      0%         2d10      69%         3
 Anguish                  Hex/Necr       0%         N/A       97%         4
 Dimensional Bullseye     Hex/Tloc       0%         N/A       97%         4
 Fulminant Prism          Conj/Alch      0%         3d5       97%         4
 Iskenderun's Mystic Bla  Conj/Tloc      0%         2d3       97%         4
 Starburst                Conj/Fire      0%         6d3       100%        6
 Maxwell's Capacitive Co  Air            0%         ∞         100%        8
 Call Canine Familiar     Summ           Unusable   N/A       N/A         3

Dungeon Overview and Level Annotations

Branches:
Dungeon (4/15)
 Temple: D:4-7

Altars:
Okawaru

Shops:
D:2 (


Innate Abilities, Weirdness & Mutations

You are a hulking beast.
Your limbs bulge with bestial killing power. (Slay +2)
You cannot wear most types of armour.
You are amphibious.
You can wear up to eight rings at the same time.
Your skin changes colour to match your surroundings (Stealth+).
Your rubbery body absorbs attacks. (AC +1, EV +1)
((You are camouflaged when in or above water. (Stealth+)))
You have tentacles for arms and can constrict up to eight enemies at once.


Message History

You kill the orc!
Okawaru accepts your kill.
No target in view!
You start resting.
An orc is nearby!
You closely miss the orc. You grab the orc. You tentacle-slap the orc.
You squeeze the orc.
You kill the orc!
Okawaru accepts your kill.
Your Shapeshifting skill increases to level 4!
No target in view!
No target in view!
There is an open door here.
Things that are here:
a +0 war axe; a +0 whip You closely miss the orc wizard.
The orc wizard shouts!
The orc shouts!
You grab the orc wizard. You constrict the orc wizard.
The orc wizard hits you with a +0 dagger.
You bludgeon the orc wizard!
The orc wizard is severely wounded.
You constrict the orc wizard.
The orc wizard escapes!
The orc hits you with a +0 morningstar.
The orc wizard gestures wildly while chanting.
The orc wizard flickers and vanishes!
Deactivating autopickup; reactivate with Ctrl-A.
You tentacle-slap the orc but do no damage.
You grab the orc. You constrict the orc.
The orc hits you with a +0 morningstar.
You hear some strange, mumbled words.
A magic dart appears from out of thin air!
The magic dart hits you!
You are too injured to fight recklessly!
You miss something. You constrict the orc. The orc closely misses you.
Something hits you but does no damage.
You closely miss something. You constrict the orc.
The orc hits you with a +0 morningstar!
* * * LOW HITPOINT WARNING * * *
Something hits you.
You die...

############
+...........
#...........
#...........
#..{ho......
###)#########
#............
#............
#.....>......
#............
#..<.........
#......######
#......#


You could see an orc.

Vanquished Creatures
  3 adders (D:2)
  A worm (D:3)
  4 dart slugs
  3 orcs
  An endoplasm (D:2)
  2 giant cockroaches
  2 goblins
  5 hobgoblins
  2 quokkas
  5 ball pythons
  4 bats
  3 frilled lizards
  4 kobolds
  3 rats (D:1)
42 creatures vanquished.

Notes
Turn   | Place    | Note
-------+----------+-------------------------------------------
     0 | D:1      | DrBoom the Octopode Shapeshifter began the quest for the
                  | Orb.
     0 | D:1      | Reached XP level 1. HP: 13/13 MP: 1/1
   279 | D:1      | Reached XP level 2. HP: 15/18 MP: 2/2
  1126 | D:2      | Reached XP level 3. HP: 21/23 MP: 3/3
  1141 | D:2      | Found Dam Anumo's Antique Weapon Shop.
  1202 | D:2      | Found an iron altar of Okawaru.
  1228 | D:2      | Became a worshipper of Warmaster Okawaru
  1605 | D:2      | Reached XP level 4. HP: 13/28 MP: 4/4
  2181 | D:3      | Found a faded altar of an unknown god.
  2583 | D:4      | HP: 1/28 [orc/+0 morningstar (8)]
  2583 | D:4      | Slain by an orc wizard

Illustrated notes

Levels and vault maps discovered:
D:1:      co_arrival_random_square_maze, layout_basic, minmay_misc_feat_cross,
          hangedman_decor_riveting, reono_crystal_passage
D:2:      layout_rooms, serial_shops, shop, basic_altar
D:3:      layout_rooms, ebering_ecumenical_altar_mist,
          minmay_misc_feat_diagonals
D:4:      layout_gridville, pdpol_wu_jian_five_deadly_venoms,
          mainiacjoe_overflow_boulevard, biasface_ghost_orc_armoury,
          serial_shops, nicolae_shop_peninsula, shop,
          nicolae_shop_temple_entry_statues_fountains, shop, shop,
          solitary_fountain, minmay_starry_boxes, uniq_sigmund, uniq_robin,
          uniq_edmund

Skill      XL: |  1  2  3  4 |
---------------+-------------+-----
Unarmed Combat | 4 |  4.1
Shapeshifting  | 4 |  4.0
Fighting       | |  1.0
Dodging        | |  2.0

Action                     |  1- 3 |  4- 6 || total
---------------------------+-------+-------++-------
  Melee: Unarmed           |    57 |    29 ||    86
         Constrict         |    16 |     9 ||    25
         Tentacles         |     8 |     8 ||    16
         Punch             |     2 |     2 ||     4
    Use: Scroll            |     3 |     1 ||     4
         Potion            |     2 |     2 ||     4
   Stab: Sleeping          |     4 |     2 ||     6
         Distracted        |     1 |       ||     1
 Armour: Skin              |    27 |    16 ||    43
  Dodge: Dodged            |    22 |     7 ||    29

Table legend: (Time is in decaauts)
 A = Elapsed time spent in this place.
 B = Non-inter-level travel time spent in this place.
 C = Inter-level travel time spent in this place.
 D = Time resting spent in this place.
 E = Time spent auto-exploring this place.
 F = Levels seen in this place.
 G = Mean time per level.
                   A        B        C        D        E       F      G
               +--------+--------+--------+--------+--------+-----+--------+
         Total |   2587 |   2499 |     88 |    728 |   1446 |   4 |  646.8 |
       Dungeon |   2587 |   2499 |     88 |    728 |   1446 |   4 |  646.8 |
               +--------+--------+--------+--------+--------+-----+--------+

Top non-repeatable levels by time:
     D:1: 1057 daAuts
     D:2: 807 daAuts
     D:3: 701 daAuts
     D:4: 21 daAuts
